 Dungeon Crawl Stone Soup version 0.26-a0-661-g406de6ba63 (webtiles) character file.

Game seed: 1948473358205780350

466 sahdkjhfkaj the Chopper (level 7, -6/60 HPs)
             Began as a Hill Orc Fighter on Oct 8, 2020.
             Was a Follower of Beogh.
             Splashed by a gnoll's acid (16 damage)
             ... on level 4 of the Dungeon.
             The game lasted 00:06:05 (4004 turns).

sahdkjhfkaj the Chopper (Hill Orc Fighter)          Turns: 4004, Time: 00:06:05

Health: -6/60      AC:  7    Str: 21    XL:     7   Next: 8%
Magic:  9/9        EV:  5    Int:  8    God:    Beogh [*.....]
Gold:   213        SH: 14    Dex: 10    Spells: 6/6 levels left

rFire    + . .     SeeInvis .   a - +0 war axe
rCold    . . .     Faith    .   n - +0 tower shield
rNeg     . . .     Spirit   .   b - +0 scale mail
rPois    .         Reflect  .   (no helmet)
rElec    .         Harm     .   (no cloak)
rCorr    .         Rampage  .   (no gloves)
MR       .....                  (no boots)
Stlth    ..........             (no amulet)
HPRegen  0.20/turn              q - ring of protection from fire
MPRegen  0.11/turn              (no ring)

@: no status effects
A: no striking features
a: Renounce Religion


You were on level 4 of the Dungeon.
You worshipped Beogh.
Beogh was aware of your devotion.
You visited 2 branches of the dungeon, and saw 5 of its levels.
You also visited: Sewer.

You collected 213 gold pieces.

Inventory:

Hand Weapons
 a - a +0 war axe (weapon)
Missiles
 f - 12 poisoned darts (quivered)
 h - 144 stones
Armour
 b - a +0 scale mail (worn)
 n - a +0 tower shield (worn)
Jewellery
 q - a ring of protection from fire (left hand)
Wands
 v - a wand of random effects (4)
 w - a wand of iceblast (4)
Scrolls
 g - a scroll of blinking
 i - 3 scrolls of teleportation
 k - a scroll of fear
 l - 4 scrolls of remove curse
 o - a scroll of magic mapping
 p - a scroll of amnesia
 r - a scroll of immolation
 x - a scroll of enchant armour
Potions
 c - a potion of invisibility {unknown}
 d - a potion of might
 e - 4 potions of haste {unknown}
 j - a potion of stabbing {unknown}
 m - 2 potions of lignification {unknown}
 s - a potion of curing {unknown}
 t - a potion of magic {unknown}
 u - a potion of brilliance {unknown}


   Skills:
 + Level 4.9 Fighting
 * Level 5.8 Axes
 + Level 4.4 Armour
 * Level 5.1 Shields
 + Level 3.1 Invocations


You had 6 spell levels left.
You didn't know any spells.
Your spell library contained the following spells:

 Spells                   Type           Power        Failure   Level
 Animate Skeleton         Necr           #.....       100%        1
 Apportation              Tloc           #.....       100%        1
 Corona                   Hex            #......      100%        1
 Summon Small Mammal      Summ           #...         100%        1


Dungeon Overview and Level Annotations

Branches:
Dungeon (4/15)             Temple (1/1) D:4           Sewer (visited)

Altars:
Ashenzari
Cheibriados
Dithmenos
Fedhas
Gozag
Hepliaklqana
Kikubaaqudgha
Makhleb
Nemelex Xobeh
Okawaru
Qazlal
Ru
Sif Muna
Trog
Vehumet
Wu Jian
Xom
Yredelemnul
Zin
The Shining One


Message History

Beogh accepts your kill.
You closely miss the gnoll. You block the orc's attack.
You block the gnoll's attack. You block the orc's attack.
Unknown command.
You barely miss the gnoll.
The gnoll is moderately wounded.
You hit the orc.
You kill the orc!
Beogh accepts your kill.
You hit the orc. The orc hits you but does no damage.
You block the gnoll's attack. You block the orc's attack.
You hit the gnoll.
The gnoll is severely wounded.
Your shield and scale mail prevent you from hitting the orc.
The gnoll zaps a wand.
The bolt of acid hits you!
You are splashed with acid!
The orc hits you but does no damage.
The gnoll zaps a wand.
The bolt of acid hits you!
* * * LOW HITPOINT WARNING * * *
You are splashed with acid!
You die...

..
..............#
..
..........)...#
.............##
..........#.##
..........###
...........##
#...........#
###...o)?..###
#....)@)....#
#....)g...###
#........##
............
.............
..............#
...............
#......#.#...##


You could see a gnoll and an orc.

Vanquished Creatures
  Sigmund (D:4)
  Ijyb (D:3)
  An orc wizard (D:2)
  A worker ant (D:4)
  3 hound skeletons (D:4)
  3 gnolls (D:4)
  6 adders
  An adder skeleton (D:4)
  3 worms (D:3)
  3 dart slugs
  3 leopard geckos
  6 orcs
  4 giant cockroaches
  5 hobgoblins
  8 jackals
  2 quokkas
  6 ball pythons
  10 bats
  5 frilled lizards
  3 goblins
  8 kobolds
  8 rats
91 creatures vanquished.

Vanquished Creatures (others)
  12 plants
12 creatures vanquished.

Grand Total: 103 creatures vanquished

Notes
Turn   | Place    | Note
-------+----------+-------------------------------------------
     0 | D:1      | sahdkjhfkaj the Hill Orc Fighter began the quest for the
                  | Orb.
     0 | D:1      | Reached XP level 1. HP: 19/19 MP: 1/1
   184 | D:1      | Reached XP level 2. HP: 24/27 MP: 2/2
   560 | D:1      | Reached XP level 3. HP: 33/33 MP: 3/3
   857 | D:2      | Became a worshipper of Beogh the Brigand
  1121 | D:2      | Reached XP level 4. HP: 40/40 MP: 4/4
  1685 | D:3      | Reached skill level 1 in Invocations
  1773 | D:3      | Found a shadowy altar of Dithmenos.
  1773 | D:3      | Found a broken altar of Ashenzari.
  1891 | D:3      | Found a glowing drain.
  1901 | Sewer    | Entered a sewer
  1953 | Sewer    | Reached XP level 5. HP: 35/46 MP: 6/6
  2124 | Sewer    | Reached * piety under Beogh
  2983 | D:3      | Noticed Ijyb
  2994 | D:3      | Killed Ijyb
  3350 | D:4      | Reached skill level 5 in Axes
  3350 | D:4      | Reached XP level 6. HP: 41/53 MP: 7/7
  3477 | D:4      | Found a staircase to the Ecumenical Temple.
  3491 | Temple   | Entered the Ecumenical Temple
  3814 | D:4      | Noticed Sigmund
  3826 | D:4      | Killed Sigmund
  3826 | D:4      | Reached skill level 5 in Shields
  3987 | D:4      | Reached XP level 7. HP: 60/60 MP: 9/9
  4004 | D:4      | Splashed by a gnoll's acid

Illustrated notes

Levels and vault maps discovered:
D:1:      minmay_arrival_four_circles, layout_basic, serial_curves,
          eino_curves_04, eino_curves_03
D:2:      layout_basic
D:3:      layout_rooms, gammafunk_temple_overflow_wave,
          cheibrodos_sewer_entry_drain, uniq_ijyb
D:4:      layout_cave_pools, minmay_temple_entry_junction, uniq_sigmund
Temple:   dpeg_five_rooms_temple

Skill      XL: |  1  2  3  4  5  6 |
---------------+-------------------+-----
Axes           | 3 4 5 |  5.8
Fighting       | 4 |  4.9
Invocations    | 1 2 3 |  3.1
Shields        | 4 5 |  5.1
Armour         | 4 |  4.4

Action                   |  1- 3 |  4- 6 |  7- 9 || total
-------------------------+-------+-------+-------++-------
Melee: War axe           |    70 |   249 |     7 ||   326
Throw: Dart              |       |     7 |       ||     7
Invok: Convert to Beogh  |     1 |       |       ||     1
  Use: Scroll            |       |     9 |     1 ||    10
Armor: Scale mail        |    38 |   136 |     7 ||   181
Dodge: Dodged            |    23 |    51 |     1 ||    75
Block: Kite shield       |    29 |       |       ||    29
       Tower shield      |    15 |   247 |    13 ||   275

Table legend: (Time is in decaauts)
 A = Elapsed time spent in this place.
 B = Non-inter-level travel time spent in this place.
 C = Inter-level travel time spent in this place.
 D = Time resting spent in this place.
 E = Time spent auto-exploring this place.
 F = Levels seen in this place.
 G = Mean time per level.
                   A        B        C        D        E       F      G
               +--------+--------+--------+--------+--------+-----+--------+
         Total |   4275 |   4142 |    133 |    283 |   2908 |   6 |  712.5 |
       Dungeon |   3050 |   2965 |     85 |    283 |   1937 |   4 |  762.5 |
        Temple |    238 |    190 |     48 |      0 |    189 |   1 |  238.0 |
         Sewer |    986 |    986 |      0 |      0 |    782 |   1 |  986.0 |
               +--------+--------+--------+--------+--------+-----+--------+

Top non-repeatable levels by time:
     D:3: 1016 daAuts
   Sewer: 986 daAuts
     D:1: 804 daAuts
     D:2: 782 daAuts
     D:4: 446 daAuts
  Temple: 238 daAuts
